 Dungeon Crawl Stone Soup version 0.29-a0-330-g52719c12eb (webtiles) character file.

Game seed: 9931189502649516295

107 night the Grasshopper (level 4, -3/36 HPs)
             Began as a Draconian Warper on May 10, 2022.
             Was a Follower of Nemelex Xobeh.
             Slain by an orc
             ... wielding a +0 flail
              (8 damage)
             ... on level 3 of the Dungeon.
             The game lasted 00:04:50 (3087 turns).

night the Grasshopper (Draconian Warper)            Turns: 3087, Time: 00:04:51

Health: -3/36      AC:  5    Str: 14    XL:     4   Next: 57%
Magic:  8/8        EV: 12    Int: 15    God:    Nemelex Xobeh [*.....]
Gold:   55         SH:  0    Dex: 10    Spells: 6/8 levels left

rFire   . . .      SeeInvis .     - Unarmed
rCold   . . .      Faith    .   (no shield)
rNeg    . . .      Spirit   .   (body armour unavailable)
rPois   .          Reflect  .   (helmet restricted)
rElec   .          Harm     .   (no cloak)
rCorr   .          Rampage  .   (no gloves)
Will    .....                   (no boots)
Stlth   +.........              (no amulet)
HPRegen 0.12/turn               h - ring of flight
MPRegen 0.11/turn               (no ring)

@: mighty, flying
A: AC +5, unfitting armour, cold-blooded
a: Renounce Religion, Draw Escape, Draw Destruction, Draw Summoning


You were on level 3 of the Dungeon.
You worshipped Nemelex Xobeh.
Nemelex Xobeh was aware of your devotion.
You visited 1 branch of the dungeon, and saw 4 of its levels.

You collected 137 gold pieces.
You spent 82 gold pieces at shops.

Inventory:

Hand Weapons
 p - a +0 battleaxe
Missiles
 b - 7 boomerangs of dispersal (quivered)
 g - 6 poisoned darts
 j - 82 stones
 q - 4 javelins
Jewellery
 h - a ring of flight (left hand)
 k - a ring of fire
Scrolls
 a - 2 scrolls of blinking
 c - a scroll of identify
 d - 2 scrolls of enchant armour
 e - a scroll of torment
 n - a scroll of holy word
 o - a scroll of noise {unknown}
 r - a scroll of vulnerability {unknown}
Potions
 i - a potion of invisibility {unknown}
 l - a potion of curing {unknown}
 m - 2 potions of haste


   Skills:
 - Level 2.1 Fighting
 - Level 0.8 Throwing
 - Level 2.1 Dodging
 * Level 3.4 Unarmed Combat
 + Level 2.6 Spellcasting
 * Level 4.0 Translocations


You had 6 spell levels left.
You knew the following spells:

 Your Spells              Type           Power      Damage    Failure   Level
a - Blink                 Tloc           28%        N/A       6%          2

Your spell library contained the following spells:

 Spells                   Type           Power      Damage    Failure   Level
 Apportation              Tloc           28%        N/A       3%          1
 Gell's Gravitas          Tloc           14%        N/A       12%         3
 Lesser Beckoning         Tloc           14%        N/A       12%         3
 Teleport Other           Tloc           14%        N/A       12%         3
 Animate Skeleton         Necr           2%         N/A       22%         1
 Shock                    Conj/Air       4%         1d3       22%         1
 Summon Small Mammal      Summ           4%         N/A       22%         1
 Swiftness                Air            1%         N/A       54%         3
 Manifold Assault         Tloc           14%        N/A       71%         5
 Airstrike                Air            0%         N/A       91%         4


Dungeon Overview and Level Annotations

Branches:
Dungeon (4/15)
 Temple: D:4-7

Altars:
Nemelex Xobeh

Shops:
D:4 **


Innate Abilities, Weirdness & Mutations

Your plain brown scales are hard. (AC +5)
You cannot fit into any form of body armour.
You are cold-blooded and may be slowed by cold attacks.


Message History

You closely miss the orc.
An orc wizard comes into view. It is wielding a +0 dagger.
The orc hits you but does no damage. x2
You barely miss the orc.
The orc wizard shouts!
Your tail-slap misses the orc.
The orc hits you with a +0 club. The orc hits you but does no damage.
You hit the orc but do no damage. The orc hits you with a +0 flail!
You closely miss the orc. The orc barely misses you.
You hit the orc but do no damage.
Your tail-slap misses the orc.
Your punch misses the orc. The orc closely misses you.
The orc hits you with a +0 mace.
You hit the orc but do no damage. You tail-slap the orc.
The orc is heavily wounded.
The orc hits you with a +0 mace. The orc wizard casts a spell at you.
You are confused.
The orc hits you with a +0 flail.
You are too injured to fight recklessly!
You are too injured to fight recklessly!
You are too injured to fight recklessly!
You are too injured to fight recklessly!
The orc attacks as you move away! The orc hits you with a +0 mace.
The orc misses you.
You see here a hobgoblin corpse.
Okay, then.
You're too confused to move!
The orc hits you with a +0 flail.
* * * LOW HITPOINT WARNING * * *
The orc attacks as you move away! The orc hits you with a +0 flail.
* * * LOW HITPOINT WARNING * * *
It was a potion of might.
You feel very mighty all of a sudden.
You feel less confused. The orc closely misses you. x2
Okay, then.
The orc attacks as you move away! The orc misses you.
The orc barely misses you.
There is an open door here.
The orc attacks as you move away! The orc hits you with a +0 flail!
You die...
Your body disappears without a glow.

#.# #.# .# ##'## ..#
##...## ... ##.....##
#.# # ##.......## ##.#
#...####o........####...
.......@oo.......'......
#...####og†......####...
. ##.......## #...†
#...).....## #.#..
#..#.#.#.....# #.#..
#........###.# #>##.
#...#.#.#.# #(# #> #.
##........# #.# #.###
#..#.#.#.###^# #....


You could see an orc wizard, 3 orcs and a goblin.

Vanquished Creatures
  3 gnolls (D:3)
  3 adders (D:2)
  2 orcs
  4 bats
  11 endoplasms
  A goblin (D:2)
  4 hobgoblins
  4 jackals (D:1)
  2 quokkas
  3 ball pythons
  4 frilled lizards
  2 kobolds
  6 rats
49 creatures vanquished.

Notes
Turn   | Place    | Note
-------+----------+-------------------------------------------
     0 | D:1      | night the Draconian Warper began the quest for the Orb.
     0 | D:1      | Reached XP level 1. HP: 17/17 MP: 3/3
   387 | D:1      | Reached XP level 2. HP: 21/24 MP: 5/5
  1352 | D:1      | Learned a level 2 spell: Blink
  1359 | D:2      | You are sucked into a shaft and drop 2 floors!
  1359 | D:4      | Found Cuinatau's General Store.
  1361 | D:4      | Found Etarouf's Specific Store.
  1377 | D:4      | Bought a scroll of blinking for 82 gold pieces
  1926 | D:2      | Reached XP level 3. HP: 25/29 MP: 6/6
  2117 | D:2      | Found a faded altar of an unknown god.
  2123 | D:2      | Prayed at the altar of an unknown god.
  2123 | D:2      | Became a worshipper of Nemelex Xobeh the Trickster
  2123 | D:2      | Reached * piety under Nemelex Xobeh
  2558 | D:2      | Reached XP level 4. HP: 35/36 MP: 7/7
  2590 | D:2      | Received a gift from Nemelex Xobeh
  2720 | D:3      | Reached skill level 4 in Translocations
  3084 | D:3      | HP: 4/36 [orc/+0 flail (4)]
  3087 | D:3      | Slain by an orc

Illustrated notes

Levels and vault maps discovered:
D:1:      minmay_arrival_four_loops, layout_loops_ring
D:2:      layout_basic, hellmonk_ecumenical_altar_heavens_door
D:3:      layout_loops_corners, serial_glass, glass_columns_b, glass_columns_c,
          lightli_sewer_entry_pipes, skrybe_limestone_x
D:4:      layout_cave_pools, zin_scriptorium, mainiacjoe_overflow_cross_hatched,
          nicolae_specific_store, kennysheep_cross_room, kennysheep_nondescript

Skill      XL: |  1  2  3  4 |
---------------+-------------+-----
Unarmed Combat | 3 |  3.4
Translocations | 4 |  4.0
Fighting       | |  2.1
Throwing       | |  0.8
Dodging        | |  2.1
Spellcasting   | |  2.6

Action                   |  1- 3 |  4- 6 || total
-------------------------+-------+-------++-------
Melee: Unarmed           |   156 |    26 ||   182
       Tailslap          |    20 |     2 ||    22
       Punch             |     4 |     1 ||     5
Invok: Draw Destruction  |       |     1 ||     1
  Use: Scroll            |     4 |       ||     4
       Potion            |       |     1 ||     1
Armor: Skin              |    33 |     6 ||    39
Dodge: Dodged            |    97 |    13 ||   110

Table legend: (Time is in decaauts)
 A = Elapsed time spent in this place.
 B = Non-inter-level travel time spent in this place.
 C = Inter-level travel time spent in this place.
 D = Time resting spent in this place.
 E = Time spent auto-exploring this place.
 F = Levels seen in this place.
 G = Mean time per level.
                   A        B        C        D        E       F      G
               +--------+--------+--------+--------+--------+-----+--------+
         Total |   3085 |   3063 |     22 |     34 |   2605 |   4 |  771.2 |
       Dungeon |   3085 |   3063 |     22 |     34 |   2605 |   4 |  771.2 |
               +--------+--------+--------+--------+--------+-----+--------+

Top non-repeatable levels by time:
     D:1: 1359 daAuts
     D:2: 1078 daAuts
     D:3: 621 daAuts
     D:4: 25 daAuts
